 Dungeon Crawl Stone Soup version 0.24.0-123-gd5b16e6ec5 (webtiles) character file.

Game seed: 1542203729654828807, levelgen mode: deterministic

712 H0rd4k the Cutter (level 8, 0/57 HPs)
             Began as a Human Artificer on Feb 12, 2020.
             Slain by a killer bee (8 damage)
             ... on level 7 of the Dungeon.
             The game lasted 00:08:08 (4546 turns).

H0rd4k the Cutter (Human Artificer)                 Turns: 4546, Time: 00:08:09

Health: 0/57       AC: 14    Str: 15    XL:     8   Next: 0%
Magic:  10/10      EV: 14    Int: 16    God:
Gold:   359        SH:  0    Dex: 14    Spells: 7/7 levels left

rFire    + . .     SeeInvis .   h - +0 dagger (protect)
rCold    . . .     Gourm    .   (no shield)
rNeg     + + +     Faith    .   n - +0 leather armour {rF+}
rPois    .         Spirit   .   m - +2 helmet "Enaffiv" {rN++ Int+5 Slay+3}
rElec    .         Reflect  .   (no cloak)
rCorr    +         Harm     +   H - +0 pair of gloves
MR       .....                  (no boots)
Stlth    ++........             q - amulet of harm
HPRegen  0.19/turn              w - ring of resist corrosion
MPRegen  0.12/turn              D - ring of positive energy

@: lethally poisoned (0 -> -8), protection aura, hasted, very quick
A: no striking features
a: no special abilities


You were on level 7 of the Dungeon.
You were not hungry.

You visited 1 branch of the dungeon, and saw 7 of its levels.

You collected 359 gold pieces.

Inventory:

Hand Weapons
 a - a +0 short sword
 g - a +0 spear of venom
 h - a +0 dagger of protection (weapon)
 B - a +0 falchion
Missiles
 s - 2 boomerangs (quivered)
 v - 11 poisoned darts
Armour
 m - the +2 helmet "Enaffiv" (worn) {rN++ Int+5 Slay+3}
   (You took it off Robin on level 2 of the Dungeon)

   It affects your intelligence (+5).
   It affects your accuracy and damage with ranged weapons and melee attacks
   (+3).
   It greatly protects you from negative energy.
 n - a +0 leather armour of fire resistance (worn)
 H - a +0 pair of gloves (worn)
Jewellery
 q - an amulet of harm (around neck)
 w - a ring of resist corrosion (left hand)
 D - a ring of positive energy (right hand)
Wands
 c - a wand of flame (14)
 d - a wand of enslavement (19)
 e - a wand of random effects (11)
Scrolls
 i - 2 scrolls of remove curse
 j - 3 scrolls of teleportation
 k - a scroll of immolation {unknown}
 p - 5 scrolls of identify {unknown}
 r - a scroll of blinking {unknown}
 t - 2 scrolls of fog {unknown}
 x - a scroll of enchant weapon {unknown}
 y - 6 scrolls of enchant armour {unknown}
 C - a scroll of amnesia {unknown}
Potions
 l - 2 potions of flight {unknown}
 o - 5 potions of heal wounds
 u - a potion of agility
 A - a potion of curing {unknown}
 E - a potion of cancellation {unknown}
 F - a potion of lignification {unknown}
 G - a potion of ambrosia {unknown}
 J - a potion of might {unknown}
Comestibles
 f - 15 rations


   Skills:
 + Level 2.6 Fighting
 + Level 4.9 Short Blades
 + Level 3.0 Armour
 + Level 4.6 Dodging
 + Level 2.0 Stealth
 + Level 3.5 Evocations


You had 7 spell levels left.
You didn't know any spells.
Your spell library contained the following spells:

 Spells                   Type           Power        Failure   Level  Hunger
 Animate Skeleton         Necr           N/A          30%         1    ##.....
 Pain                     Necr           #...         30%         1    ##.....
 Regeneration             Chrm/Necr      #.........   67%         3    ####...
 Vampiric Draining        Necr           #.........   67%         3    ####...
 Animate Dead             Necr           N/A          97%         4    #####..


Dungeon Overview and Level Annotations

Branches:
Dungeon (7/15)             Temple (0/1) D:4

Altars:
Cheibriados
Makhleb
Uskayaw
Wu Jian
Zin

Annotations:
D:3 3 runed translucent doors, Draugr's ghost, amateur DsVM
D:5 exclusion: upstairs
D:6 exclusions: downstairs and upstairs
D:7 exclusion: killer bee


Message History

Aiming: Throw Flame
Press: ? - help, Shift-Dir - straight line, f - killer bee
Aim: a killer bee (severely wounded)
The puff of flame hits the killer bee.
You kill the killer bee!
Your Armour skill increases to level 3!
You have reached level 8!
You feel stronger. The killer bee stings you.
* * * LOW HITPOINT WARNING * * *
The killer bee misses you.
Evoke which item? (* to show all) (? for menu, Esc to quit)
Aiming: Enslavement
Press: ? - help, Shift-Dir - straight line, f - killer bee
Aim: a killer bee (chance to defeat MR: 65%)
The killer bee struggles to resist.
The killer bee stings you.
* * * LOW HITPOINT WARNING * * *
You are lethally poisoned!
The killer bee poisons you! The killer bee stings you!
You die...

#. #.# #.###.###.
##>........
####...##.########
+.................
####...##.########
##........#
#.###.##.#
#.y@y.##.#
#..#####.#
#..#####.#
#........#
########.#######
.......<.#
##########


You could see 2 killer bees.

Vanquished Creatures
  A sky beast (D:6)
  A centaur (D:6)
  Blork the orc (D:4)
  2 bullfrogs
  2 killer bees (D:7)
  A crimson imp (D:6)
  A centaur zombie (D:5)
  2 hound skeletons
  Robin (D:2)
  4 adders
  A shadow imp (D:2)
  2 oozes
  An adder skeleton (D:4)
  2 worms
  4 dart slugs
  5 leopard geckos
  4 orcs
  3 ball pythons
  6 bats
  6 giant cockroaches
  14 goblins
  13 hobgoblins
  3 quokkas
  5 kobolds
  7 rats
92 creatures vanquished.

Notes
Turn   | Place    | Note
-------+----------+-------------------------------------------
     0 | D:1      | H0rd4k the Human Artificer began the quest for the Orb.
     0 | D:1      | Reached XP level 1. HP: 15/15 MP: 3/3
   172 | D:1      | Reached XP level 2. HP: 11/21 MP: 4/4
   540 | D:2      | Identified the +2 helmet "Enaffiv" {rN++ Int+5 Slay+3}
   540 | D:2      | Noticed Robin
   547 | D:2      | Reached XP level 3. HP: 24/26 MP: 5/5
   676 | D:2      | Killed Robin
   874 | D:2      | Reached skill level 1 in Armour
   901 | D:2      | Reached XP level 4. HP: 32/32 MP: 6/6
  1615 | D:3      | Found a runed translucent gate.
  1615 | D:3      | Found a runed translucent gate.
  1617 | D:3      | Found a runed translucent gate.
  1634 | D:3      | Noticed Draugr's ghost (amateur DsVM)
  1731 | D:3      | Reached XP level 5. HP: 37/37 MP: 7/7
  1836 | D:3      | Found a faded altar of an unknown god.
  2380 | D:4      | Found a staircase to the Ecumenical Temple.
  2458 | D:4      | Found a snail-covered altar of Cheibriados.
  2482 | D:4      | Noticed Blork the orc
  2493 | D:5      | Entered Level 5 of the Dungeon
  2877 | D:5      | Found a glowing silver altar of Zin.
  2997 | D:5      | Reached XP level 6. HP: 43/43 MP: 8/8
  3674 | D:6      | Reached XP level 7. HP: 36/50 MP: 9/9
  4149 | D:4      | Killed Blork the orc
  4264 | D:4      | Found a burning altar of Makhleb.
  4268 | D:4      | Found an ornate altar of the Wu Jian Council.
  4270 | D:4      | Found a hide-covered altar of Uskayaw.
  4545 | D:7      | Reached XP level 8. HP: 15/57 MP: 10/10
  4546 | D:7      | Slain by a killer bee

Levels and vault maps discovered:
D:1:      dpeg_arrival_simpleton_a, layout_basic
D:2:      layout_rooms, minmay_misc_feat_pillars, minmay_goblin_kobold_house,
          uniq_robin
D:3:      layout_loops_ring, nicolae_overflow_hidden_temple,
          gammafunk_ghost_split, chequers_ecumenical_altar_simple_redux,
          kennysheep_generic_room_15
D:4:      layout_rooms, kennysheep_slug_shrine, minitemple,
          minmay_temple_entry_glass, first_ration, uniq_blork_the_orc
D:5:      layout_basic, basic_altar, gup_sewer_entry_spiral, fountainhead
D:6:      layout_rooms
D:7:      layout_loops_corners, gammafunk_temple_overflow_claw,
          uniq_crazy_yiuf_cottage

Skill      XL: |  1  2  3  4  5  6  7 |
---------------+----------------------+-----
Armour         | 1 2 3 |  3.0
Short Blades   | 2 3 4 |  4.9
Dodging        | 3 4 |  4.6
Fighting       | 2 |  2.6
Stealth        | 2 |  2.0
Evocations     | |  3.5

Action                   |  1- 3 |  4- 6 |  7- 9 || total
-------------------------+-------+-------+-------++-------
Melee: Dagger            |   130 |   333 |    64 ||   527
       Short sword       |     8 |       |       ||     8
Evoke: Wand              |     6 |     3 |    10 ||    19
  Use: Scroll            |       |       |     3 ||     3
       Potion            |       |       |     1 ||     1
 Stab: Sleeping          |     1 |     1 |       ||     2
  Eat: Chunk             |       |     9 |     3 ||    12
Armor: Leather armour    |    68 |   100 |    25 ||   193
Dodge: Dodged            |   116 |   202 |    47 ||   365
